[Event "42nd Olympiad Baku 2016 Open"]
[Site "Baku"]
[Date "2016.09.02"]
[Round "1.13"]
[White "Ampie, Mauro"]
[Black "Bruzon Batista, Lazaro"]
[Result "0-1"]
[ECO "C45"]
[WhiteElo "2348"]
[BlackElo "2623"]
[PlyCount "80"]
[EventDate "2016.??.??"]
[EventCountry "AZE"]
[WhiteTeam "Nicaragua"]
[BlackTeam "Kuba"]
[WhiteTeamCountry "NCA"]
[BlackTeamCountry "CUB"]
[TimeControl "40/5400+30:1800+30"]
[WhiteClock "0:30:44"]
[BlackClock "0:42:06"]

1. e4 {(00:00} e5 {(00:00} 2. Nf3 {(00:00} Nc6 {
(00:00} 3. d4 {(00:01} exd4 {(00:00} 4. Nxd4 {(
00:13} Nf6 {(00:00} 5. Nxc6 {(00:20} bxc6 {(00:00} 6.
e5 {(00:20} Qe7 {(00:00} 7. Qe2 {(00:13} Nd5 {(
00:03} 8. c4 {(00:34} Nb6 {(00:06} 9. Nc3 {(01:00} Qe6
{(00:16} 10. Qe4 {(00:13} g6 {(00:26} 11. Bd3 {(
01:15} Bg7 {(00:05} 12. O-O {(00:07} O-O {(00:16} 13.
f4 {(02:55} f5 {(02:41} 14. Qe2 {(11:38} d6 {(
02:42} 15. exd6 {(16:46} cxd6 {(03:07} 16. Bd2 {(04:45]
} Qxe2 {(02:04} 17. Bxe2 {(00:15} Ba6 {(00:11} 18. b3 {
(06:03} d5 {(00:32} 19. Rac1 {(13:06} dxc4 {(08:
01} 20. Rfd1 {(05:59} Rad8 {(02:35} 21. Be1 {(06:23}
Rxd1 {(02:22} 22. Rxd1 {(10:19} Re8 {(07:47} 23. Kf2 {
(03:57} c5 {(02:15} 24. Kf1 {(05:51} Bd4 {(06:
32} 25. g3 {(03:05} Re3 {(34:20} 26. Rc1 {(02:51} cxb3
{(00:48} 27. Bxa6 {(00:13} b2 {(00:03} 28. Rb1 {
(00:43} Bxc3 {(00:05} 29. Bxc3 {(01:21} Rxc3 {(
00:03} 30. Rxb2 {(00:04} c4 {(01:30} 31. Bb5 {(03:25}
Kf8 {(03:26} 32. Re2 {(01:03} Rc1+ {(07:05} 33. Kg2 {
(00:45} c3 {(00:23} 34. a4 {(00:33} Nd5 {(01:19]
} 35. Re8+ {(00:42} Kg7 {(00:05} 36. Rd8 {(00:29} c2 {
(04:56} 37. Rxd5 {(00:31} Rd1 {(00:34} 38. Rc5 {
(00:30} c1=Q {(00:07} 39. Rxc1 {(00:03} Rxc1 {(
00:03} 40. Kf3 {(00:00} Rc3+ {(00:00} 0-1

[Event "42nd Olympiad Baku 2016 Open"]
[Site "Baku"]
[Date "2016.09.02"]
[Round "1.28"]
[White "Antoniou, Antonis"]
[Black "Dao, Thien Hai"]
[Result "1/2-1/2"]
[ECO "B99"]
[WhiteElo "2172"]
[BlackElo "2486"]
[PlyCount "57"]
[EventDate "2016.??.??"]
[EventCountry "AZE"]
[WhiteTeam "Zypern"]
[BlackTeam "Vietnam"]
[WhiteTeamCountry "CYP"]
[BlackTeamCountry "VIE"]
[TimeControl "40/5400+30:1800+30"]
[WhiteClock "0:22:06"]
[BlackClock "0:25:25"]

1. e4 {(00:00} c5 {(00:00} 2. Nf3 {(00:00} d6 {(
00:00} 3. d4 {(00:00} cxd4 {(00:00} 4. Nxd4 {(00:00}
Nf6 {(00:00} 5. Nc3 {(00:00} a6 {(00:00} 6. Bg5 {
(01:09} e6 {(00:08} 7. f4 {(00:07} Be7 {(03:32}
8. Qf3 {(05:56} Qc7 {(01:02} 9. O-O-O {(00:29} Nbd7 {
(00:09} 10. g4 {(00:57} h6 {(05:16} 11. Bxf6 {(
06:01} Bxf6 {(01:28} 12. h4 {(00:17} Qb6 {(08:09} 13.
Nde2 {(01:44} g5 {(03:29} 14. hxg5 {(00:31} hxg5 {
(00:05} 15. Rxh8+ {(00:09} Bxh8 {(00:05} 16. Qh3 {
(12:59} Bf6 {(08:54} 17. f5 {(00:42} Ne5 {(00:
49} 18. Nd4 {(06:12} Bd7 {(10:26} 19. fxe6 {(13:50}
fxe6 {(01:05} 20. Qh6 {(01:16} Nxg4 {(05:07} 21. Qg6+ {
(07:24} Kd8 {(19:14} 22. Qg8+ {(09:00} Kc7 {(01:
42} 23. Nxe6+ {(01:43} Bxe6 {(00:05} 24. Qxe6 {(02:01}
Bxc3 {(00:14} 25. bxc3 {(03:34} Qe3+ {(03:12} 26. Kb2 {
(04:24} Qb6+ {(01:19} 27. Kc1 {(01:15} Qe3+ {(
01:23} 28. Kb2 {(00:14} Qb6+ {(01:42} 29. Kc1 1/2-1/2

[Event "42nd Olympiad Baku 2016 Open"]
[Site "Baku"]
[Date "2016.09.02"]
[Round "1.32"]
[White "Arenas, David"]
[Black "Hasford, John Kojo"]
[Result "1-0"]
[ECO "C54"]
[WhiteElo "2490"]
[BlackElo "1970"]
[PlyCount "67"]
[EventDate "2016.??.??"]
[EventCountry "AZE"]
[WhiteTeam "Kolumbien"]
[BlackTeam "Ghana"]
[WhiteTeamCountry "COL"]
[BlackTeamCountry "GHA"]
[TimeControl "40/5400+30:1800+30"]
[WhiteClock "0:25:24"]
[BlackClock "0:22:36"]

1. e4 {(00:00} e5 {(00:43} 2. Nf3 {(00:00} Nc6 {
(00:48} 3. Bc4 {(00:02} Bc5 {(00:21} 4. c3 {(00:
15} Nf6 {(00:39} 5. d3 {(00:12} d6 {(00:53} 6. Bb3 {
(00:18} O-O {(02:15} 7. Bg5 {(00:36} Qe7 {(02:
14} 8. Nbd2 {(03:41} Be6 {(01:12} 9. Nf1 {(08:27} Rad8
{(03:27} 10. Bc2 {(03:17} Rfe8 {(05:51} 11. h3 {
(02:13} h6 {(07:43} 12. Bh4 {(00:15} Nb8 {(01:
09} 13. N3h2 {(08:26} g5 {(08:17} 14. Bg3 {(00:20}
Nbd7 {(00:41} 15. Ne3 {(07:49} c6 {(03:29} 16. Qf3 {
(01:57} d5 {(04:11} 17. Nf5 {(04:11} Bxf5 {(02:
35} 18. Qxf5 {(00:12} Qe6 {(00:52} 19. Qf3 {(01:37}
dxe4 {(00:52} 20. dxe4 {(00:09} Bf8 {(02:19} 21. Bb3 {
(08:38} Qe7 {(00:58} 22. O-O-O {(00:19} Nc5 {(
01:26} 23. Bc2 {(00:12} a5 {(03:27} 24. h4 {(06:10}
Qe6 {(00:55} 25. Kb1 {(02:48} b5 {(03:57} 26. Rxd8 {
(02:19} Rxd8 {(00:04} 27. hxg5 {(00:07} hxg5 {(
00:11} 28. Qe3 {(00:10} Nh7 {(02:50} 29. Nf3 {(00:43}
f6 {(03:36} 30. Bxe5 {(06:21} Qg4 {(08:19} 31. Bg3 {
(06:04} Be7 {(02:30} 32. Nd4 {(00:45} Qd7 {(04:
28} 33. e5 {(02:12} Nf8 {(00:42} 34. Qf3 {(00:51} 1-0

[Event "42nd Olympiad Baku 2016 Open"]
[Site "Baku"]
[Date "2016.09.02"]
[Round "1.29"]
[White "Arias, Lemnys A"]
[Black "Ipatov, Alexander"]
[Result "0-1"]
[ECO "C60"]
[WhiteElo "2305"]
[BlackElo "2652"]
[PlyCount "58"]
[EventDate "2016.??.??"]
[EventCountry "AZE"]
[WhiteTeam "El Salvador"]
[BlackTeam "Türkei"]
[WhiteTeamCountry "ESA"]
[BlackTeamCountry "TUR"]
[TimeControl "40/5400+30:1800+30"]
[WhiteClock "0:09:48"]
[BlackClock "0:40:05"]

1. e4 {(00:00} e5 {(00:09} 2. Nf3 {(00:06} Nc6 {
(00:09} 3. Bb5 {(01:23} Nge7 {(04:26} 4. O-O {(
02:23} g6 {(02:38} 5. c3 {(03:01} Bg7 {(04:15} 6. d4 {
(04:42} exd4 {(01:30} 7. cxd4 {(00:03} a6 {(00:
05} 8. Ba4 {(02:14} b5 {(00:53} 9. Bb3 {(02:04} d6 {
(00:25} 10. h3 {(10:12} O-O {(01:12} 11. Nc3 {(
00:23} Bb7 {(02:06} 12. Bg5 {(06:54} h6 {(00:15} 13.
Be3 {(00:06} Na5 {(01:10} 14. Bc2 {(01:39} Nc4 {
(00:41} 15. Bc1 {(03:49} Qd7 {(15:00} 16. b3 {(
10:55} Nb6 {(00:17} 17. Bb2 {(00:02} f5 {(05:13} 18.
e5 {(08:28} b4 {(04:52} 19. Na4 {(03:29} Nbd5 {(
00:17} 20. Re1 {(02:25} Rae8 {(00:38} 21. Rc1 {(00:18}
g5 {(03:37} 22. Bb1 {(06:05} Ng6 {(05:31} 23. exd6 {
(03:10} cxd6 {(00:54} 24. Rxe8 {(00:13} Qxe8 {(
00:32} 25. Qc2 {(01:43} Ndf4 {(02:24} 26. Re1 {(01:12}
Qf7 {(00:33} 27. Re3 {(17:25} Nxg2 {(04:10} 28. Kxg2 {
(00:06} Nh4+ {(00:03} 29. Kg3 {(00:12} Bxf3 {(
00:30} 0-1

[Event "42nd Olympiad Baku 2016 Open"]
[Site "Baku"]
[Date "2016.09.02"]
[Round "1.28"]
[White "Asmar, Elie"]
[Black "Brkic, Ante"]
[Result "0-1"]
[ECO "A01"]
[WhiteElo "2026"]
[BlackElo "2584"]
[PlyCount "80"]
[EventDate "2016.??.??"]
[EventCountry "AZE"]
[WhiteTeam "Libanon"]
[BlackTeam "Kroatien"]
[WhiteTeamCountry "LBN"]
[BlackTeamCountry "CRO"]
[TimeControl "40/5400+30:1800+30"]
[WhiteClock "0:30:52"]
[BlackClock "0:32:53"]

1. b3 {(00:01} e5 {(00:30} 2. Bb2 {(00:08} Nc6 {
(00:11} 3. e3 {(00:07} d5 {(00:45} 4. Bb5 {(00:
12} f6 {(08:15} 5. c4 {(05:43} a6 {(01:28} 6. Bxc6+ {
(00:12} bxc6 {(00:04} 7. Ne2 {(04:43} dxc4 {(12:
58} 8. Qc2 {(07:47} cxb3 {(04:19} 9. axb3 {(01:20} Bd7
{(01:23} 10. O-O {(05:16} Bd6 {(00:43} 11. Na3 {
(06:36} Ne7 {(01:22} 12. Nc4 {(03:22} O-O {(00:
30} 13. Nxd6 {(03:31} cxd6 {(00:07} 14. Rxa6 {(00:19}
Rxa6 {(06:37} 15. Qc4+ {(00:08} Be6 {(00:35} 16. Qxa6 {
(02:01} Bxb3 {(08:37} 17. Ra1 {(16:35} Qc7 {(03:
44} 18. Bc3 {(20:16} Rb8 {(01:58} 19. f3 {(06:28} c5 {
(14:39} 20. Rb1 {(06:54} Be6 {(14:22} 21. Rxb8+ {
(00:16} Qxb8 {(00:01} 22. e4 {(01:57} Kf7 {(00:
56} 23. Ng3 {(02:19} Nc8 {(05:24} 24. Nf1 {(00:34} g6
{(03:08} 25. Ne3 {(00:56} f5 {(03:35} 26. Kf2 {(
00:14} Qb6 {(04:12} 27. Qa8 {(02:36} Qa7 {(01:53} 28.
Qxa7+ {(02:37} Nxa7 {(00:02} 29. d3 {(00:30} Bc8 {
(01:12} 30. Nc4 {(00:34} Ke6 {(00:05} 31. Ba5 {(
00:38} Ba6 {(00:40} 32. Ke2 {(00:37} Nc6 {(00:29} 33.
Be1 {(00:31} d5 {(00:52} 34. Nd2 {(00:31} Nd4+ {
(00:17} 35. Kd1 {(00:28} Bxd3 {(00:09} 36. exd5+ {
(00:25} Kxd5 {(00:06} 37. Bf2 {(00:35} c4 {(00:
09} 38. Bg1 {(00:28} c3 {(00:13} 39. Bxd4 {(00:27}
exd4 {(00:28} 40. Nb3 {(00:00} Bc4 {(00:00} 0-1

[Event "42nd Olympiad Baku 2016 Open"]
[Site "Baku"]
[Date "2016.09.02"]
[Round "1.13"]
[White "Atabayev, Maksat"]
[Black "Prasad, Calvin"]
[Result "1-0"]
[ECO "B18"]
[WhiteElo "2485"]
[BlackElo "2013"]
[PlyCount "115"]
[EventDate "2016.??.??"]
[EventCountry "AZE"]
[WhiteTeam "Turkmenistan"]
[BlackTeam "Fidschi"]
[WhiteTeamCountry "TKM"]
[BlackTeamCountry "FIJ"]
[TimeControl "40/5400+30:1800+30"]
[WhiteClock "1:08:39"]
[BlackClock "0:29:52"]

1. e4 {(00:00} c6 {(00:00} 2. d4 {(00:36} d5 {(
00:00} 3. Nc3 {(00:34} dxe4 {(00:00} 4. Nxe4 {(00:06}
Bf5 {(00:00} 5. Ng3 {(00:05} Bg6 {(00:00} 6. Nf3 {
(06:05} Nd7 {(00:00} 7. Bd3 {(00:07} e6 {(00:48]
} 8. O-O {(01:41} Ngf6 {(01:02} 9. c4 {(02:25} Be7 {
(00:35} 10. Bxg6 {(01:51} hxg6 {(00:07} 11. Qe2 {
(00:02} Qc7 {(01:47} 12. Rd1 {(06:04} Nb6 {(13:
21} 13. b3 {(01:16} O-O {(01:19} 14. Ne4 {(04:43} Nxe4
{(02:38} 15. Qxe4 {(02:20} Bf6 {(00:05} 16. Bg5 {
(04:18} Qe7 {(07:16} 17. Qh4 {(01:10} Rfe8 {(03:
06} 18. Re1 {(04:19} Nd7 {(01:45} 19. Re4 {(00:41} Nf8
{(01:49} 20. Bxf6 {(03:20} gxf6 {(03:14} 21. Qh6 {
(03:40} g5 {(02:19} 22. Rg4 {(00:47} Nh7 {(06:
42} 23. h4 {(00:56} Qf8 {(00:27} 24. Qh5 {(09:12} Qg7
{(01:44} 25. Rg3 {(01:33} Qg6 {(03:43} 26. Qxg6+ {
(00:18} fxg6 {(00:06} 27. hxg5 {(00:02} f5 {(03:
12} 28. Ne5 {(01:02} Kg7 {(00:07} 29. f4 {(00:08} Rad8
{(03:08} 30. Rd1 {(00:36} Nf8 {(00:37} 31. Rgd3 {
(03:19} Nd7 {(02:58} 32. Nf3 {(00:07} Kf7 {(07:
35} 33. Kf2 {(00:11} Kg7 {(00:18} 34. Ke3 {(01:16} Rh8
{(04:51} 35. Re1 {(01:00} Kf7 {(07:55} 36. Kd2 {
(00:30} a5 {(04:14} 37. a4 {(01:18} Rh7 {(08:33]
} 38. Kc3 {(00:22} Rhh8 {(00:05} 39. Rde3 {(01:38} Rde8
{(00:12} 40. Ne5+ {(00:00} Nxe5 {(00:00} 41. Rxe5 {
(04:40} b6 {(01:38} 42. c5 {(00:12} b5 {(02:34}
43. axb5 {(00:21} cxb5 {(00:03} 44. c6 {(00:16} a4 {
(05:17} 45. Rxb5 {(00:25} axb3 {(00:18} 46. d5 {
(00:45} b2 {(04:57} 47. Rxb2 {(00:13} Re7 {(01:
55} 48. dxe6+ {(02:21} Kg7 {(00:39} 49. Rb7 {(00:07}
Rhe8 {(00:03} 50. Rxe7+ {(00:09} Rxe7 {(00:02} 51. Kd4
{(00:05} Kf8 {(00:41} 52. Ke5 {(00:14} Rc7 {(00:
27} 53. Kd6 {(00:07} Rc8 {(00:38} 54. Kd7 {(00:06} Re8
{(00:05} 55. e7+ {(00:24} Kf7 {(01:11} 56. c7 {(
00:07} Rxe7+ {(00:23} 57. Rxe7+ {(00:06} Kg8 {(00:09}
58. c8=R# {(00:05} 1-0

[Event "42nd Olympiad Baku 2016 Open"]
[Site "Baku"]
[Date "2016.09.02"]
[Round "1.15"]
[White "Atabayev, Saparmyrat"]
[Black "Arvind, Goru"]
[Result "1-0"]
[ECO "C00"]
[WhiteElo "2406"]
[BlackElo "1717"]
[PlyCount "73"]
[EventDate "2016.??.??"]
[EventCountry "AZE"]
[WhiteTeam "Turkmenistan"]
[BlackTeam "Fidschi"]
[WhiteTeamCountry "TKM"]
[BlackTeamCountry "FIJ"]
[TimeControl "40/5400+30:1800+30"]
[WhiteClock "1:26:12"]
[BlackClock "0:01:37"]

1. e4 {(00:00} e6 {(00:49} 2. d4 {(00:00} d6 {(
01:15} 3. Nf3 {(00:01} Ne7 {(02:43} 4. Nc3 {(00:16}
Ng6 {(00:55} 5. h4 {(00:44} h5 {(04:38} 6. Be2 {
(00:25} Be7 {(08:32} 7. g3 {(00:41} Nf8 {(16:02]
} 8. Be3 {(01:11} g6 {(03:27} 9. Qd2 {(00:38} Nh7 {
(00:45} 10. O-O-O {(00:47} Nd7 {(01:50} 11. Ng5 {
(02:22} Nxg5 {(02:59} 12. hxg5 {(00:10} e5 {(02:
48} 13. f4 {(00:27} exf4 {(04:44} 14. gxf4 {(00:20}
Nb6 {(04:34} 15. d5 {(01:18} Bd7 {(01:43} 16. f5 {
(00:45} gxf5 {(12:46} 17. Rdf1 {(00:19} c5 {(02:
40} 18. exf5 {(01:22} Qc7 {(04:20} 19. f6 {(00:18} Bf8
{(01:33} 20. Bxh5 {(01:37} O-O-O {(01:29} 21. Bxf7 {
(00:42} Rxh1 {(00:54} 22. Rxh1 {(00:06} Nc4 {(
02:01} 23. Qe2 {(00:36} Ne5 {(02:11} 24. Be6 {(00:18}
Kb8 {(02:05} 25. Bf4 {(00:31} Ng6 {(01:25} 26. Bg3 {
(00:15} Be8 {(00:19} 27. Qf2 {(01:04} b5 {(01:
03} 28. f7 {(00:19} Bd7 {(00:46} 29. Bxd7 {(00:11}
Qxd7 {(00:19} 30. Qxc5 {(00:27} Qg4 {(06:31} 31. Nxb5 {
(02:24} Qxg5+ {(00:48} 32. Kb1 {(00:18} Rd7 {(
00:58} 33. Nxd6 {(00:45} Bxd6 {(04:52} 34. Bxd6+ {(00:
06} Rxd6 {(00:23} 35. Qxd6+ {(00:06} Kb7 {(00:14} 36.
Qc6+ {(00:10} Kb8 {(01:02} 37. Rh8+ {(00:19} 1-0

[Event "42nd Olympiad Baku 2016 Open"]
[Site "Baku"]
[Date "2016.09.02"]
[Round "1.33"]
[White "Ayyad, Husain"]
[Black "AL-Sayed, Mohammed"]
[Result "1-0"]
[ECO "B53"]
[WhiteElo "2176"]
[BlackElo "2521"]
[PlyCount "124"]
[EventDate "2016.??.??"]
[EventCountry "AZE"]
[WhiteTeam "Brunei"]
[BlackTeam "Katar"]
[WhiteTeamCountry "BRN"]
[BlackTeamCountry "QAT"]
[TimeControl "40/5400+30:1800+30"]
[WhiteClock "0:00:53"]
[BlackClock "0:19:13"]

1. e4 {(00:00} c5 {(00:00} 2. Nf3 {(00:00} d6 {(
00:00} 3. d4 {(00:00} cxd4 {(00:00} 4. Qxd4 {(00:05}
Nc6 {(00:00} 5. Qe3 {(00:46} Nf6 {(00:49} 6. h3 {
(00:06} g6 {(03:48} 7. Be2 {(00:42} Bg7 {(04:20]
} 8. O-O {(00:32} O-O {(00:26} 9. Rd1 {(00:36} Be6 {
(12:29} 10. Nc3 {(19:20} Qc7 {(06:16} 11. Nb5 {(
10:16} Qc8 {(08:45} 12. Bd2 {(06:39} d5 {(05:49} 13.
e5 {(24:26} Ne4 {(00:39} 14. Be1 {(00:02} Nxe5 {
(34:59} 15. Nxe5 {(08:19} Bxe5 {(00:02} 16. c4 {
(12:52} Qc5 {(00:01} 17. Nd4 {(00:11} Bxd4 {(03:
23} 18. Rxd4 {(02:04} Nd6 {(00:02} 19. Bc3 {(01:59}
Nf5 {(01:04} 20. Qe5 {(00:09} Qd6 {(00:14} 21. Rxd5 {
(00:03} Qxe5 {(00:08} 22. Rxe5 {(00:09} Rfd8 {(
00:51} 23. Bg4 {(05:57} Rac8 {(01:51} 24. Bxf5 {(00:11]
} gxf5 {(00:07} 25. c5 {(02:14} Rd5 {(01:17} 26. Rxd5 {
(00:12} Bxd5 {(00:01} 27. Re1 {(00:25} Be6 {(01:
02} 28. Bb4 {(02:54} Kf8 {(00:22} 29. Rd1 {(00:30} Ke8
{(01:22} 30. a3 {(00:04} f6 {(01:20} 31. Rd4 {(
00:36} Kf7 {(01:09} 32. Rh4 {(01:07} Kg6 {(00:14} 33.
Rd4 {(00:05} Re8 {(01:38} 34. Ba5 {(00:40} Rc8 {
(00:35} 35. Bb4 {(00:14} Rc6 {(01:17} 36. Rd8 {(
00:23} Bc8 {(00:23} 37. Rg8+ {(00:27} Kf7 {(00:05} 38.
Rh8 {(00:20} Kg7 {(00:03} 39. Re8 {(00:11} e5 {(
00:25} 40. Re7+ {(00:38} Kg6 {(00:32} 41. Kf1 {(31:10}
f4 {(30:47} 42. Ke2 {(00:55} a5 {(02:47} 43. Bxa5 {
(01:33} Rxc5 {(00:34} 44. Rc7 {(01:23} Rxa5 {(
00:00} 45. Rxc8 {(00:00} Rb5 {(00:00} 46. Rc2 {(00:00}
Rb3 {(00:00} 47. Rd2 {(00:00} e4 {(00:00} 48. Kd1 {
(00:11} f3 {(00:00} 49. g3 {(01:30} h5 {(00:00}
50. Rd4 {(01:45} f5 {(00:00} 51. Kc2 {(00:31} Rb6 {
(00:00} 52. h4 {(00:00} f4 {(00:00} 53. gxf4 {(
00:58} Kf5 {(00:00} 54. Rd5+ {(00:00} Kxf4 {(00:00}
55. b4 {(00:07} Ra6 {(00:00} 56. Rd7 {(00:46} Rxa3 {
(00:00} 57. Rf7+ {(00:32} Kg4 {(00:00} 58. Kd2 {
(00:33} b5 {(00:00} 59. Rd7 {(00:36} Ra2+ {(00:
00} 60. Ke1 {(00:27} Re2+ {(00:00} 61. Kf1 {(00:14}
Rb2 {(00:00} 62. Kg1 {(00:32} Kh3 {(00:00} 1-0

[Event "42nd Olympiad Baku 2016 Open"]
[Site "Baku"]
[Date "2016.09.02"]
[Round "1.27"]
[White "Babarykin, Stanislav"]
[Black "McShane, Luke J"]
[Result "0-1"]
[ECO "C47"]
[WhiteElo "2339"]
[BlackElo "2671"]
[PlyCount "114"]
[EventDate "2016.??.??"]
[EventCountry "AZE"]
[WhiteTeam "Russland"]
[BlackTeam "England"]
[WhiteTeamCountry "RUS"]
[BlackTeamCountry "ENG"]
[TimeControl "40/5400+30:1800+30"]
[WhiteClock "0:01:45"]
[BlackClock "0:02:26"]

1. e4 {(05:47} e5 {(00:00} 2. Nf3 {(02:03} Nc6 {
(00:35} 3. Nc3 {(03:07} Nf6 {(01:08} 4. d4 {(00:
39} exd4 {(00:13} 5. Nxd4 {(00:48} Bb4 {(00:15} 6.
Nxc6 {(00:45} bxc6 {(00:14} 7. Bd3 {(03:15} d5 {
(00:48} 8. exd5 {(00:58} cxd5 {(00:36} 9. O-O {(
05:55} O-O {(00:56} 10. Bg5 {(00:34} c6 {(00:40} 11.
Qf3 {(07:13} Re8 {(16:42} 12. h3 {(10:33} Rb8 {(
04:19} 13. Rad1 {(04:31} Bd6 {(11:51} 14. b3 {(03:55}
Be5 {(03:15} 15. Na4 {(02:14} Qd6 {(05:29} 16. Rfe1 {
(18:47} Bd7 {(04:00} 17. c4 {(18:55} h6 {(02:45]
} 18. Bh4 {(01:11} Rbd8 {(27:30} 19. Bg3 {(00:34} Bxg3
{(04:02} 20. Qxg3 {(03:29} Qb4 {(01:40} 21. Kf1 {
(01:07} c5 {(02:34} 22. Nc3 {(01:21} d4 {(03:16]
} 23. Ne4 {(00:47} Nxe4 {(01:11} 24. Bxe4 {(01:36} Be6
{(01:59} 25. Bc6 {(00:12} Rf8 {(02:08} 26. Qd3 {
(00:59} Qb8 {(01:08} 27. Qg3 {(00:11} Qxg3 {(00:
55} 28. fxg3 {(00:31} Rd6 {(00:03} 29. Be4 {(00:42} a5
{(00:22} 30. Bc2 {(00:31} Rc8 {(00:44} 31. Ke2 {
(00:27} h5 {(01:47} 32. Kd2 {(00:57} g6 {(00:29]
} 33. Be4 {(00:30} Rc7 {(00:29} 34. Kc2 {(00:41} Kg7 {
(00:17} 35. Bd3 {(00:41} Ra6 {(00:38} 36. Rb1 {(
00:23} Kf6 {(00:31} 37. Rf1+ {(00:25} Ke7 {(00:13} 38.
Rfe1 {(00:29} Kd6 {(00:12} 39. Re2 {(00:00} Rb7 {
(00:43} 40. Ree1 {(00:00} a4 {(00:00} 41. Rb2 {(
07:22} Rb8 {(04:01} 42. Kd2 {(07:22} Rab6 {(05:52} 43.
Kc2 {(08:36} Bd7 {(00:45} 44. Rbb1 {(02:25} f5 {
(04:15} 45. g4 {(00:08} hxg4 {(05:19} 46. hxg4 {
(00:30} fxg4 {(00:11} 47. Bxg6 Rf8 {(06:16} 48. Rf1 {
(03:08} Rxf1 {(02:57} 49. Rxf1 {(04:15} Ke5 {(
00:24} 50. Bd3 {(01:00} Rh6 {(01:01} 51. Kd2 {(00:40}
Rh2 {(01:20} 52. Rf2 {(01:08} Bc6 {(01:13} 53. Bf1 {
(00:06} axb3 {(01:03} 54. axb3 {(00:16} g3 {(01:
14} 55. Re2+ {(00:51} Be4 {(01:17} 56. Ke1 {(00:45}
Rh1 {(01:32} 57. Rd2 d3 {(00:47} 0-1

[Event "42nd Olympiad Baku 2016 Open"]
[Site "Baku"]
[Date "2016.09.02"]
[Round "1.31"]
[White "Balbalosa, Jeffrey"]
[Black "Klasan, Vladimir"]
[Result "0-1"]
[ECO "B20"]
[WhiteElo "1768"]
[BlackElo "2401"]
[PlyCount "76"]
[EventDate "2016.??.??"]
[EventCountry "AZE"]
[WhiteTeam "PLW"]
[BlackTeam "Serbien"]
[BlackTeamCountry "SRB"]
[TimeControl "40/5400+30:1800+30"]
[WhiteClock "0:02:58"]
[BlackClock "0:14:54"]

1. e4 {(00:00} c5 {(00:00} 2. d3 {(00:00} Nc6 {(
00:47} 3. Nf3 {(00:04} g6 {(01:49} 4. g3 {(00:21} Bg7
{(01:40} 5. Bg2 {(00:11} Nf6 {(03:18} 6. O-O {(
00:24} O-O {(01:36} 7. Nbd2 {(00:15} d5 {(08:57} 8.
Re1 {(11:14} b6 {(07:50} 9. c3 {(07:20} e5 {(12:
00} 10. a3 {(19:43} a5 {(05:01} 11. exd5 {(16:57} Nxd5
{(00:13} 12. c4 {(00:27} Nc7 {(03:37} 13. Qe2 {(
04:48} Bf5 {(09:06} 14. Ne4 {(01:27} Qd7 {(02:34} 15.
Be3 {(01:18} Rad8 {(01:43} 16. Rad1 {(00:22} Bg4 {
(01:29} 17. Qf1 {(01:39} f5 {(02:58} 18. Nc3 {(
00:53} f4 {(02:50} 19. Bc1 {(00:39} fxg3 {(01:56} 20.
fxg3 {(13:00} Nd4 {(00:52} 21. Ne4 {(02:00} Bxf3 {
(02:50} 22. Bxf3 {(01:03} Nxf3+ {(00:20} 23. Kh1 {
(00:23} Nxe1 {(00:55} 24. Qxe1 {(00:02} Rf3 {(
02:16} 25. Be3 {(01:34} Qf5 {(03:33} 26. Qe2 {(00:42}
Qh5 {(02:15} 27. Re1 {(04:01} Ne6 {(02:14} 28. Nd2 {
(04:36} Rf7 {(01:53} 29. g4 {(04:09} Qh4 {(02:
11} 30. Rg1 {(00:32} Nf4 {(03:02} 31. Bxf4 {(01:24}
exf4 {(00:12} 32. Nf3 {(00:12} Qf6 {(00:40} 33. Rb1 {
(01:34} Re7 {(00:18} 34. Qd2 {(02:09} Qc6 {(00:
20} 35. Kg2 {(00:10} Re3 {(00:09} 36. Rf1 {(00:09}
Rdxd3 {(00:17} 37. Qc2 {(00:16} Rxf3 {(00:17} 38. Rxf3
{(00:04} Qxf3+ {(00:08} 0-1

[Event "42nd Olympiad Baku 2016 Open"]
[Site "Baku"]
[Date "2016.09.02"]
[Round "1.35"]
[White "Balogh, Csaba"]
[Black "Averbukh, Alex"]
[Result "1-0"]
[ECO "C63"]
[WhiteElo "2614"]
[BlackElo "2223"]
[PlyCount "63"]
[EventDate "2016.??.??"]
[EventCountry "AZE"]
[WhiteTeam "Ungarn"]
[BlackTeam "Japan"]
[WhiteTeamCountry "HUN"]
[BlackTeamCountry "JPN"]
[TimeControl "40/5400+30:1800+30"]
[WhiteClock "0:03:19"]
[BlackClock "0:00:33"]

1. e4 {(00:00} e5 {(00:00} 2. Nf3 {(00:07} Nc6 {
(00:00} 3. Bb5 {(01:04} f5 {(02:09} 4. d3 {(03:
50} fxe4 {(00:38} 5. dxe4 {(00:05} Nf6 {(00:25} 6. O-O
{(01:23} Bc5 {(00:48} 7. Bxc6 {(13:01} bxc6 {(
02:00} 8. Nxe5 {(00:09} O-O {(04:53} 9. Nc3 {(00:06}
d6 {(01:33} 10. Na4 {(00:22} Nxe4 {(20:32} 11. Nxc6 {
(13:40} Qe8 {(09:42} 12. Nxc5 {(00:08} Nxc5 {(
01:02} 13. Nd4 {(00:37} Bb7 {(01:17} 14. f3 {(02:23}
Qg6 {(04:04} 15. Be3 {(20:39} Nd7 {(09:46} 16. Qd3 {
(13:55} Qxd3 {(09:35} 17. cxd3 {(00:03} Rfe8 {(
00:26} 18. Bf2 {(06:17} Ba6 {(03:34} 19. Rfc1 {(04:18}
Nc5 {(07:49} 20. b4 {(00:33} Nxd3 {(00:17} 21. Rxc7 {
(00:06} Nxb4 {(03:22} 22. Nf5 {(01:22} Bd3 {(05:
17} 23. Nxg7 {(04:49} Rec8 {(01:38} 24. Rac1 {(01:00}
Bc2 {(01:15} 25. Rb7 {(04:46} Nd3 {(05:06} 26. Ra1 {
(00:06} Rab8 {(01:17} 27. Rxa7 {(04:21} Bb1 {(
00:14} 28. Be3 {(00:13} Rb2 {(00:49} 29. Nh5 {(01:11}
Ne5 {(03:57} 30. Nf6+ {(01:46} Kh8 {(00:09} 31. Bh6 {
(00:06} Rg8 {(01:23} 32. Bg7+ {(00:15} 1-0